 Dungeon Crawl Stone Soup version 0.31.0-4-g52a2dc7128 (webtiles) character file.

Game seed: 3930561213074986567

661 gelatine the Chopper (level 7, 0/53 HPs)
             Began as a Demonspawn Fighter on Jan 21, 2024.
             Incinerated by a bombardier beetle (4 damage)
             ... with a burning spray
             ... on level 5 of the Dungeon on Jan 22, 2024.
             The game lasted 00:09:42 (3654 turns).

gelatine the Chopper (Demonspawn Fighter)           Turns: 3654, Time: 00:09:49

Health: 0/53       AC: 13    Str: 18    XL:     7   Next: 30%
Magic:  7/7        EV:  9    Int:  9    God:
Gold:   173        SH:  9    Dex: 12    Spells: 6/6 levels left

rFire   . . .        A - +0 war axe (freeze)
rCold   . . .        c - +0 buckler
rNeg    . . .        b - +0 scale mail
rPois   .            (helmet restricted)
rElec   .            (no cloak)
rCorr   .            (no gloves)
SInv    .            w - +2 pair of boots
Will    +....        C - amulet of reflection Stlth
                     (no ring)
HPRegen 1.08/turn    (no ring)
MPRegen 0.10/turn

%: reflection
@: on fire, attractive, enlightened, flying, glowing
A: slimy green scales 2, foul stench 1, horns 1, regeneration 1, devolution 1
a: no special abilities


You were on level 5 of the Dungeon.
You visited 1 branch of the dungeon, and saw 5 of its levels.

You collected 173 gold pieces.

Inventory:

Hand Weapons
 a - a +0 war axe
 t - the +9 sword of Power {lifebolt}
   (You found it on level 4 of the Dungeon)
 v - a +1 heavy war axe
 A - a +0 war axe of freezing (weapon)
Missiles
 i - 11 poisoned darts (quivered)
 j - 40 stones
Armour
 b - a +0 scale mail (worn)
 c - a +0 buckler (worn)
 w - a +2 pair of boots (worn)
 y - a +0 helmet
 z - a +1 robe of willpower
Jewellery
 C - an amulet of reflection (around neck)
Wands
 n - a wand of polymorph (13)
Scrolls
 e - 2 scrolls of enchant weapon {unknown}
 h - 2 scrolls of identify {unknown}
 m - a scroll of immolation {unknown}
 o - a scroll of brand weapon {unknown}
 q - a scroll of teleportation {unknown}
 r - 2 scrolls of torment {unknown}
 s - a scroll of noise {unknown}
 x - a scroll of fog {unknown}
Potions
 d - 2 potions of might
 k - a potion of heal wounds {unknown}
 l - a potion of brilliance {unknown}
 p - a potion of enlightenment
 u - a potion of ambrosia {unknown}


   Skills:
 + Level 3.9 Fighting
 + Level 1.2 Long Blades
 + Level 5.2 Axes
 + Level 0.1 Throwing
 + Level 4.1 Armour
 + Level 2.0 Dodging
 + Level 0.1 Stealth
 + Level 3.2 Shields
 + Level 0.5 Unarmed Combat


You had 6 spell levels left.
You didn't know any spells.
Your spell library contained the following spells:

 Spells                   Type           Power      Damage    Failure   Level
 Apportation              Tloc           0%         N/A       85%         1
 Freeze                   Ice            0%         1d3       85%         1
 Necrotise                Necr           0%         1d4       85%         1
 Sting                    Conj/Alch      0%         1d3       85%         1
 Summon Small Mammal      Summ           0%         N/A       85%         1
 Call Imp                 Summ           0%         N/A       94%         2
 Ensorcelled Hibernation  Hex/Ice        0%         N/A       94%         2
 Sublimation of Blood     Necr           0%         N/A       94%         2
 Frozen Ramparts          Ice            0%         1d1       99%         3
 Fugue of the Fallen      Necr           0%         N/A       99%         3
 Hailstorm                Conj/Ice       0%         3d5       99%         3
 Anguish                  Hex/Necr       0%         N/A       100%        4
 Summon Hydra             Summ           0%         N/A       100%        7


Dungeon Overview and Level Annotations

Branches:
Dungeon (5/15)
 Temple: D:4-7

Altars:
Vehumet
Yredelemnul


Innate Abilities, Weirdness & Mutations

You are mostly covered in slimy green scales. (AC +3)
You may rarely emit foul miasma when damaged in melee.
You have a pair of small horns on your head.
Your natural rate of healing is unusually fast.
You have hidden genetic defects.


Message History

You kill the orc priest!
You hit the bombardier beetle. You freeze the bombardier beetle.
The liquid fire burns you!
* * * LOW HITPOINT WARNING * * *
It was a potion of enlightenment.
You feel very buoyant.
You fly up into the air.
The liquid fire burns you!
* * * LOW HITPOINT WARNING * * *
The bombardier beetle sprays incendiary fluid at you.
The burning spray hits you.
You are even more covered in liquid fire!
It was a potion of curing.
You feel better. The liquid fire burns you!
* * * LOW HITPOINT WARNING * * *
The bombardier beetle bites you but does no damage.
It was a potion of attraction.
You feel attractive to monsters. The liquid fire burns you!
* * * LOW HITPOINT WARNING * * *
The orc priest hits you with a +0 mace.
* * * LOW HITPOINT WARNING * * *
You emit a cloud of foul miasma!
Unknown command.
You feel better. The liquid fire burns you!
* * * LOW HITPOINT WARNING * * *
You block the bombardier beetle's attack.
The orc priest is engulfed in dark miasma.
The orc priest is poisoned.
The orc priest hits you with a +0 mace.
* * * LOW HITPOINT WARNING * * *
Okay, then.
Okay, then.
It was a potion of mutation.
You feel extremely strange.
You feel a hidden malignance growing inside you.
A pair of horns grows on your head!
Your +0 helmet falls away!
You begin to heal more quickly.
The liquid fire burns you!
You die...

#.+.###.........#
......#.........# .. #
.....#...######## .. .#.
.._......######### .. ...o
.....##..#.......# .##..
.....#...#.......# ..o.
##...#...#.......# ..#
#..##.#..........##.o# .
................@#)..# ...
................Bo.).#....
.................###....._
##.....)>........'...#....
#########.......###.# ...
#.......# # .. ######### .


You could see a bombardier beetle and an orc priest (poisoned).

Vanquished Creatures
  A black bear (D:5)
  Blork the orc (D:5)
  A bombardier beetle (D:4)
  A crimson imp (D:5)
  A jelly (D:5)
  2 orc priests (D:5)
  An iguana (D:4)
  3 orc wizards (D:5)
  A sleepcap (D:5)
  Natasha (thrice) (D:2)
  4 adders
  2 ufetubi (D:5)
  5 dart slugs
  13 orcs
  8 endoplasms
  5 goblins
  6 hobgoblins
  3 jackals (D:4)
  5 quokkas
  5 ball pythons
  2 bats
  3 frilled lizards
  A goblin skeleton (D:5)
  A goblin zombie (D:5)
  A hobgoblin zombie (D:5)
  9 kobolds
  A kobold skeleton (D:5)
  4 kobold zombies (D:5)
  An orc skeleton (D:5)
  An orc zombie (D:5)
  6 rats
101 creatures vanquished.

Notes
Turn   | Place    | Note
-------+----------+-------------------------------------------
     0 | D:1      | gelatine the Demonspawn Fighter began the quest for the
                  | Orb.
     0 | D:1      | Reached XP level 1. HP: 18/18 MP: 1/1
    89 | D:1      | Gained mutation: You are partially covered in slimy green
                  | scales. (AC +2) [demonic ancestry]
    89 | D:1      | Reached XP level 2. HP: 10/24 MP: 2/2
    91 | D:1      | Reached skill level 2 in Axes
   203 | D:1      | Found a faded altar of an unknown god.
   537 | D:2      | Noticed Natasha
   545 | D:2      | Killed Natasha
   546 | D:2      | Reached XP level 3. HP: 18/29 MP: 3/3
   637 | D:2      | Noticed Natasha
   683 | D:2      | Killed Natasha
   684 | D:2      | Reached skill level 3 in Axes
   684 | D:2      | Reached XP level 4. HP: 3/35 MP: 4/4
   909 | D:2      | Noticed Natasha
   922 | D:2      | Killed Natasha
  1692 | D:3      | Gained mutation: You may rarely emit foul miasma when
                  | damaged in melee. [demonic ancestry]
  1692 | D:3      | Reached XP level 5. HP: 37/41 MP: 5/5
  1754 | D:3      | Found a radiant altar of Vehumet.
  2405 | D:4      | Found the +9 sword of Power {lifebolt}
  2416 | D:4      | Reached skill level 1 in Dodging
  2425 | D:4      | Found a basalt altar of Yredelemnul.
  2636 | D:4      | Reached skill level 4 in Axes
  3071 | D:5      | Entered Level 5 of the Dungeon
  3105 | D:5      | Reached XP level 6. HP: 29/47 MP: 6/6
  3298 | D:5      | Reached skill level 1 in Long Blades
  3492 | D:5      | Noticed Blork the orc
  3511 | D:5      | Killed Blork the orc
  3512 | D:5      | Gained mutation: You are mostly covered in slimy green
                  | scales. (AC +3) [demonic ancestry]
  3512 | D:5      | Reached XP level 7. HP: 33/52 MP: 7/7
  3630 | D:5      | Reached skill level 5 in Axes
  3650 | D:5      | HP: 2/53 [burnt (4)]
  3654 | D:5      | Gained mutation: You have hidden genetic defects. [potion
                  | of mutation]
  3654 | D:5      | Gained mutation: You have a pair of small horns on your
                  | head. [potion of mutation]
  3654 | D:5      | Gained mutation: Your natural rate of healing is unusually
                  | fast. [potion of mutation]
  3654 | D:5      | Incinerated by a bombardier beetle

Illustrated notes

Levels and vault maps discovered:
D:1:      wander_arrival_desolate, layout_rooms,
          dreamdust_ecumenical_altar_statues
D:2:      layout_loops_cross, uniq_natasha
D:3:      layout_basic, nicolae_vehumet_radiance
D:4:      layout_gridville, mainiacjoe_overflow_catwalk,
          serial_co_window_serial, co_window_paths_a, co_window_paths_b,
          co_window_cross_1, co_window_of_opportunity_a, co_window_paths_a,
          co_window_paths_a, co_window_paths_b, co_window_2corner,
          co_window_broadway_c, co_window_of_opportunity_b, co_window_2corner,
          co_window_unsneaky_path_b, glass_columns_b, glass_columns_a,
          glass_columns_b
D:5:      minmay_chambers_of_fours, layout_basic, kennysheep_mini,
          mainiacjoe_overflow_concentric_impassable,
          nicolae_tso_besieged_by_evil, old_standard_altar,
          minmay_temple_entry_glassed_door, minmay_misc_feat_rows,
          eino_curves_02, hellmonk_no_cap, uniq_blork_the_orc

Skill      XL: |  1  2  3  4  5  6  7 |
---------------+----------------------+-----
Axes           | 2 3 4 5 |  5.2
Armour         | 3 4 |  4.1
Shields        | 3 |  3.2
Dodging        | 1 2 |  2.0
Long Blades    | 1 |  1.2
Fighting       | |  3.9
Throwing       | |  0.1
Stealth        | |  0.1
Unarmed Combat | |  0.5

Action                     |  1- 3 |  4- 6 |  7- 9 || total
---------------------------+-------+-------+-------++-------
  Melee: War axe           |    62 |   155 |    14 ||   231
         Unarmed           |    12 |    23 |       ||    35
         Great sword       |       |    30 |       ||    30
  Throw: Dart              |       |     7 |       ||     7
    Use: Potion            |       |       |     5 ||     5
 Armour: Scale mail        |    65 |   182 |    14 ||   261
         Skin              |     3 |     8 |       ||    11
  Dodge: Dodged            |    40 |   104 |     5 ||   149
  Block: Buckler           |    16 |    61 |     7 ||    84
         Other             |       |     1 |       ||     1
         Reflection        |       |       |     1 ||     1
